 Dungeon Crawl Stone Soup version 0.29.1-15-g9cfb28693d (webtiles) character file.

Game seed: 8051553592121859372

170 GigaChad the Covered (level 5, -6/46 HPs)
             Began as a Minotaur Fighter on Mar 10, 2023.
             Killed by divine providence
             ... invoked by an orc priest
              (11 damage)
             ... on level 3 of the Dungeon.
             The game lasted 00:04:31 (2589 turns).

GigaChad the Covered (Minotaur Fighter)             Turns: 2589, Time: 00:04:31

Health: -6/46      AC:  7    Str: 22    XL:     5   Next: 25%
Magic:  4/4        EV:  9    Int:  5    God:
Gold:   76         SH:  4    Dex: 10    Spells: 4/4 levels left

rFire   . . .      SeeInvis .   a - +0 war axe
rCold   . . .      Faith    .   c - +0 buckler
rNeg    . . .      Spirit   .   b - +0 scale mail
rPois   .          Reflect  .   (helmet restricted)
rElec   .          Harm     .   (no cloak)
rCorr   .          Rampage  .   (no gloves)
Will    .....                   (no boots)
Stlth   ..........              (no amulet)
HPRegen 0.15/turn               (no ring)
MPRegen 0.09/turn               (no ring)

@: no status effects
A: horns 2, retaliatory headbutt
a: no special abilities


You were on level 3 of the Dungeon.
You visited 1 branch of the dungeon, and saw 3 of its levels.

You collected 76 gold pieces.

Inventory:

Hand Weapons
 a - a +0 war axe (weapon)
Armour
 b - a +0 scale mail (worn)
 c - a +0 buckler (worn)
Jewellery
 e - a ring of resist corrosion
Wands
 p - a wand of iceblast (6)
Scrolls
 f - 2 scrolls of teleportation {unknown}
 g - a scroll of identify {unknown}
 h - a scroll of poison {unknown}
 i - a scroll of torment {unknown}
 k - a scroll of blinking {unknown}
 l - a scroll of enchant armour {unknown}
Potions
 d - a potion of might
 j - a potion of haste {unknown}
 m - a potion of heal wounds {unknown}
 n - 2 potions of degeneration {unknown}
 o - a potion of curing
 q - a potion of attraction {unknown}


   Skills:
 + Level 4.3 Fighting
 + Level 4.0 Axes
 + Level 5.6 Armour
 + Level 0.8 Dodging
 + Level 4.0 Shields


You had 4 spell levels left.
You didn't know any spells.
Your spell library contained the following spells:

 Spells                   Type           Power      Damage    Failure   Level
 Magic Dart               Conj           0%         1d3       86%         1
 Searing Ray              Conj           0%         2d4       95%         2
 Ignite Poison            Fire/Tmut/Pois 0%         N/A       99%         3
 Mephitic Cloud           Conj/Pois/Air  0%         N/A       99%         3
 Fulminant Prism          Conj/Hex       0%         3d6       100%        4
 Freezing Cloud           Conj/Ice/Air   0%         6-21      100%        5


Dungeon Overview and Level Annotations

Branches:
Dungeon (3/15)

Altars:
Wu Jian


Innate Abilities, Weirdness & Mutations

You have a pair of horns on your head.
You reflexively headbutt those who attack you in melee.


Message History

You see here a cyan potion.
The orc shouts!
You hear a shout!
You hear a bark!
The orc priest looks satisfied for a moment.
The frilled lizard attacks as you move away!
The frilled lizard barely misses you.
The orc priest invokes the aid of Beogh against you.
Pain shoots through your body!
The frilled lizard attacks as you move away!
The frilled lizard bites you.
You miss the frilled lizard.
Your headbutt misses the frilled lizard.
The frilled lizard barely misses you.
You slash the frilled lizard!
You kill the frilled lizard!
You hit Terence.
Terence is lightly wounded.
Terence hits you with a +0 hand axe. Terence hits you but does no damage.
You barely miss Terence.
Terence is lightly wounded.
Terence hits you but does no damage.
You hit Terence.
Terence is moderately wounded.
An orc comes into view. It is wielding a +0 flail.
Terence hits you with a +0 hand axe.
You slash Terence!
Terence is almost dead.
Terence hits you with a +0 hand axe.
The orc priest miscasts a cantrip.
Terence zaps a wand.
The puff of flame hits you!
You hit Terence.
You kill Terence!
The orc priest mumbles some strange prayers to Beogh against you.
Beogh smites you!
* * * LOW HITPOINT WARNING * * *
You hear a shout!
You barely miss the orc.
You hear a bark!
The orc priest invokes the aid of Beogh against you.
Beogh smites you!
You die...

.# ## .# ! .... .
.#. #### .#..
##.#. #.. ..#....
#.######
#....o###.#8...#
#ogo@##...#
#.##)..._.#
##.#.##.#####...#
.......<# 8...#
...#.##g# ######
.l ... ... ....#
#. .##.## # ..
..#


You could see an orc priest, 2 orcs and a hobgoblin.

Vanquished Creatures
  An orc priest (D:3)
  Ijyb (D:2)
  Terence (D:3)
  4 adders (D:2)
  A dart slug (D:1)
  4 ball pythons
  6 bats
  7 endoplasms
  A giant cockroach (D:2)
  9 goblins
  A hobgoblin (D:2)
  3 quokkas
  4 frilled lizards
  8 kobolds
  3 rats
54 creatures vanquished.

Notes
Turn   | Place    | Note
-------+----------+-------------------------------------------
     0 | D:1      | GigaChad the Minotaur Fighter began the quest for the Orb.
     0 | D:1      | Reached XP level 1. HP: 19/19 MP: 0/0
   233 | D:1      | Reached skill level 4 in Armour
   369 | D:1      | Reached XP level 2. HP: 27/27 MP: 1/1
   885 | D:1      | Reached XP level 3. HP: 23/33 MP: 2/2
  1484 | D:2      | Reached XP level 4. HP: 12/40 MP: 3/3
  2047 | D:2      | Noticed Ijyb
  2061 | D:2      | Killed Ijyb
  2561 | D:3      | Found an ornate altar of the Wu Jian Council.
  2561 | D:3      | Noticed Terence
  2574 | D:3      | Reached skill level 5 in Armour
  2574 | D:3      | Reached XP level 5. HP: 45/46 MP: 4/4
  2588 | D:3      | Killed Terence
  2589 | D:3      | Killed from afar by an orc priest

Illustrated notes

Levels and vault maps discovered:
D:1:      matt_arrival_refuge, layout_loops_ring, minmay_tripent
D:2:      kennysheep_the_goblin_king, layout_loops_cross
D:3:      layout_loops_cross, marbit_many_paths, lemuel_crystal_altar,
          mainiacjoe_overflow_alcove_2, serial_shops, shop, uniq_ijyb,
          uniq_terence, uniq_grinder

Skill      XL: |  1  2  3  4 |
---------------+-------------+-----
Armour         | 4 5 |  5.6
Fighting       | 4 |  4.3
Axes           | 3 4 |  4.0
Shields        | 4 |  4.0
Dodging        | |  0.8

Action                   |  1- 3 |  4- 6 || total
-------------------------+-------+-------++-------
Melee: War axe           |    90 |    38 ||   128
       Headbutt          |     7 |     7 ||    14
Armor: Scale mail        |    94 |    26 ||   120
Dodge: Dodged            |    91 |    18 ||   109
Block: Buckler           |    36 |     4 ||    40
